 Dungeon Crawl Stone Soup version 0.24-a0-447-ge8da9206dc (webtiles) character file.

Game seed: 7207514412479285073

120 KristoblXynda the Ducker (level 4, -2/24 HPs)
             Began as a Spriggan Berserker on June 25, 2019.
             Was a Believer of Trog.
             Killed from afar by an orc wizard (7 damage)
             ... with a magic dart
             ... on level 4 of the Dungeon.
             The game lasted 00:05:10 (2680 turns).

KristoblXynda the Ducker (Spriggan Berserker)       Turns: 2680, Time: 00:05:11

Health: -2/24      AC:  2    Str: 14    XL:     4   Next: 75%
Magic:  1/1        EV: 20    Int:  8    God:    Trog [**....]
Gold:   160        SH:  0    Dex: 15    Spells: 3/3 levels left

rFire    . . .     SeeInvis +   q - +1 dagger (antimagic)
rCold    . . .     Gourm    .   (shield restricted)
rNeg     . . .     Faith    .   b - +0 animal skin
rPois    .         Spirit   .   (helmet restricted)
rElec    .         Reflect  .   (no cloak)
rCorr    .         Harm     .   (gloves unavailable)
MR       .....                  (boots unavailable)
Stlth    ++........             (no amulet)
HPRegen  0.08/turn              (no ring)
MPRegen  0.07/turn              (no ring)

@: very quick
A: very small, unfitting armour, see invisible, herbivore, speed 3, slow
metabolism 2
a: Berserk, Trog's Hand, Renounce Religion


You were on level 4 of the Dungeon.
You worshipped Trog.
Trog was pleased with you.
You were not hungry.

You visited 1 branch of the dungeon, and saw 4 of its levels.

You collected 160 gold pieces.

Inventory:

Hand Weapons
 q - a +1 antimagic dagger (weapon)
Missiles
 a - 16 sling bullets
Armour
 b - a +0 animal skin (worn)
 h - a cursed +0 buckler
Wands
 o - a wand of flame (5)
Scrolls
 d - a scroll of magic mapping {unknown}
 e - a scroll of amnesia {unknown}
 f - 3 scrolls of identify
 g - a scroll of fear {unknown}
 j - 3 scrolls of remove curse
 n - a scroll of teleportation {unknown}
 p - 2 scrolls of enchant armour {unknown}
Potions
 i - 3 potions of curing
 k - a potion of berserk rage
 l - a potion of heal wounds {unknown}
 m - 2 potions of flight
Comestibles
 c - 8 rations


   Skills:
 - Level 3.0 Fighting
 + Level 4.1 Short Blades
 + Level 5.5 Dodging
 + Level 3.4 Stealth
 + Level 0.0 Evocations


You had 3 spell levels left.
You didn't know any spells.
Your spell library was empty.

Dungeon Overview and Level Annotations

Branches:
Dungeon (4/15)
 Temple: D:4-7

Altars:

Annotations:
D:3 2 runed translucent doors, krystol's ghost, amateur DsAK
D:4 Edmund


Innate Abilities, Weirdness & Mutations

You are very small and have problems with some larger weapons.
You are too small for most types of armour.
You have supernaturally acute eyesight. (SInv)
You are a herbivore.
You cover ground extremely quickly.
You need to consume almost no food.


Message History

* * * LOW HITPOINT WARNING * * *
You feel sick.
You feel better.
You see here a scroll of identify.
f - 3 scrolls of identify (gained 1) Wield which item (- for none, * to show all)? (? for menu, Esc to quit)
Wield which item (- for none, * to show all)? (? for menu, Esc to quit)
Okay, then.
Edmund the Younger comes into view.
He is wielding a +2 antimagic dire flail.
You see here 2 silver javelins.
An orc wizard comes into view. It is wielding a +0 dagger.
The orc wizard gestures at you while chanting.
The magic dart hits you!
* * * LOW HITPOINT WARNING * * *
As you read the scroll labeled YPYUV ILLU, it crumbles to dust.
You feel blessed for a moment.
It was a scroll of remove curse.
Edmund shouts!
You hear a shout!
The orc wizard points at you and mumbles some strange words.
The magic dart hits you!
You die...

###.#####.#
. # #.# #.#
#.# #.# #s#
#.#
####o####(#
...@...@..#
###########


You could see Edmund and an orc wizard.

Vanquished Creatures
  A worker ant (D:4)
  3 gnolls (D:3)
  An adder (D:2)
  An ooze (D:2)
  A worm (D:2)
  A dart slug (D:1)
  2 leopard geckos
  3 ball pythons
  6 bats
  4 giant cockroaches
  4 goblins
  A hobgoblin (D:2)
  2 jackals
  4 kobolds
  3 quokkas
  5 frilled lizards
  4 rats
46 creatures vanquished.

Notes
Turn   | Place    | Note
-------+----------+-------------------------------------------
     0 | D:1      | KristoblXynda the Spriggan Berserker began the quest for
                  | the Orb.
     0 | D:1      | Reached XP level 1. HP: 11/11 MP: 2/2
   126 | D:1      | Reached skill level 1 in Stealth
   346 | D:1      | Reached XP level 2. HP: 16/16 MP: 3/3
  1429 | D:2      | Reached XP level 3. HP: 16/19 MP: 4/4
  1491 | D:2      | Reached skill level 5 in Dodging
  1506 | D:2      | Reached ** piety under Trog
  1848 | D:3      | Found a runed translucent door.
  1853 | D:3      | Noticed krystol's ghost (amateur DsAK)
  1853 | D:3      | Noticed a bullfrog
  1873 | D:3      | Found a runed translucent door.
  2175 | D:3      | Reached XP level 4. HP: 23/23 MP: 5/5
  2355 | D:4      | Noticed an ogre
  2677 | D:4      | Noticed Edmund
  2680 | D:4      | Killed from afar by an orc wizard

Levels and vault maps discovered:
D:1:      denvon_arrival_planthouse, layout_loops_ring, fountainhead
D:2:      layout_rooms
D:3:      layout_rooms, ebering_ghost_sewer_f, first_ration
D:4:      layout_loops_ring, grunt_temple_overflow_lords_of_destruction,
          eat_drink_and_be_merry_uskayaw, serial_shops, shop, shop_statue, shop,
          shop_coins, kennysheep_mini, tgw_trog, uniq_ijyb, uniq_edmund

Skill      XL: |  1  2  3  4 |
---------------+-------------+-----
Stealth        | 1 2 3 |  3.4
Dodging        | 5 |  5.5
Short Blades   | 4 |  4.1
Fighting       | 3 |  3.0

Action                   |  1- 3 |  4- 6 || total
-------------------------+-------+-------++-------
Melee: Short sword       |   136 |    14 ||   150
       Dagger            |       |     9 ||     9
Evoke: Wand              |     1 |     8 ||     9
  Use: Scroll            |     4 |     1 ||     5
       Potion            |       |     1 ||     1
 Stab: Sleeping          |     6 |     2 ||     8
Armor: Animal skin       |    11 |     1 ||    12
Dodge: Dodged            |   115 |    13 ||   128

Table legend:
 A = Non-vault XP
 B = Vault XP
 C = Vault XP percentage of total XP
 D = Non-vault monster count
 E = Vault monster count
 F = Vault count percentage of total count
                 A         B        C        D         E       F
            +---------+---------+-------+---------+---------+-------
      Total |     172 |       0 |   0.0 |      46 |       0 |   0.0
            +---------+---------+-------+---------+---------+-------
        D:1 |      24 |       0 |   0.0 |      13 |       0 |   0.0
        D:2 |      52 |       0 |   0.0 |      19 |       0 |   0.0
        D:3 |      59 |       0 |   0.0 |      12 |       0 |   0.0
        D:4 |      37 |       0 |   0.0 |       2 |       0 |   0.0
            +---------+---------+-------+---------+---------+-------
